 Dungeon Crawl Stone Soup version 0.28.0-43-g3370ac3207 (webtiles) character file.

Game seed: 14736585752817579762

422 sking99 the Sneak (level 7, -1/40 HPs)
             Began as a Kobold Brigand on Mar 25, 2022.
             Was an Initiate of Dithmenos.
             Slain by a jelly (3 damage)
             ... on level 4 of the Dungeon.
             The game lasted 00:05:37 (3949 turns).

sking99 the Sneak (Kobold Brigand)                  Turns: 3949, Time: 00:05:38

Health: -1/40      AC: -3    Str: 11    XL:     7   Next: 17%
Magic:  7/7        EV: 16    Int: 12    God:    Dithmenos [......]
Gold:   149        SH:  0    Dex: 16    Spells: 6/6 levels left

rFire   . . .      SeeInvis .   a - +2 dagger
rCold   . . .      Faith    .   (no shield)
rNeg    . . .      Spirit   .   b - +0 robe
rPois   .          Reflect  .   h - +0 helmet
rElec   .          Harm     .   c - +0 cloak
rCorr   .          Rampage  .   (no gloves)
Will    .....                   s - +0 pair of boots
Stlth   +++++.....              (no amulet)
HPRegen 0.13/turn               (no ring)
MPRegen 0.10/turn               (no ring)

@: corroded
A: small, no large weapons, nightstalker 3
a: Renounce Religion


You were on level 4 of the Dungeon.
You worshipped Dithmenos.
Dithmenos was noncommittal.
You visited 1 branch of the dungeon, and saw 4 of its levels.

You collected 149 gold pieces.

Inventory:

Hand Weapons
 a - a +2 dagger (weapon)
Missiles
 d - 9 poisoned darts (quivered)
 e - 2 curare-tipped darts
Armour
 b - a +0 robe (worn)
 c - a +0 cloak (worn)
 h - a +0 helmet (worn)
 s - a +0 pair of boots (worn)
Jewellery
 l - an amulet of magic regeneration
 q - a +4 ring of evasion
Wands
 r - a wand of flame (4)
Scrolls
 f - a scroll of silence {unknown}
 g - 2 scrolls of fog {unknown}
 i - a scroll of enchant weapon {unknown}
 j - 2 scrolls of teleportation {unknown}
 k - 3 scrolls of magic mapping {unknown}
 m - a scroll of amnesia {unknown}
 n - a scroll of identify {unknown}
Potions
 o - a potion of brilliance {unknown}
 p - a potion of resistance {unknown}
 t - a potion of heal wounds {unknown}


   Skills:
 - Level 2.1 Fighting
 * Level 6.3 Short Blades
 + Level 3.9 Throwing
 + Level 3.8 Dodging
 + Level 6.9 Stealth


You had 6 spell levels left.
You didn't know any spells.
Your spell library was empty.

Dungeon Overview and Level Annotations

Branches:
Dungeon (4/15)
 Temple: D:4-7

Altars:
Dithmenos
Uskayaw


Innate Abilities, Weirdness & Mutations

You are small and have problems with some larger weapons.
You are completely attuned to the shadows.


Message History

You kill the hobgoblin!
Dithmenos accepts your kill.
No target in view!
t - a sedimented yellow potion A jelly comes into view.
A jelly is nearby!
Found a mace.
The jelly quivers.
You hit the jelly.
Your hands burn!
The jelly is lightly wounded.
The jelly hits you. The acid corrodes you!
You are splashed with acid!
You hit the jelly.
Your hands burn!
The jelly is lightly wounded.
You hit the jelly but do no damage.
Your hands burn!
The jelly is lightly wounded.
The jelly hits you but does no damage.
A worm comes into view.
You hit the jelly but do no damage.
Your hands burn!
The jelly is lightly wounded.
The jelly hits you.
You are splashed with acid!
* * * LOW HITPOINT WARNING * * *
You hit the jelly. The acid corrodes you!
Your hands burn!
* * * LOW HITPOINT WARNING * * *
The jelly is moderately wounded.
You hit the jelly.
Your hands burn!
* * * LOW HITPOINT WARNING * * *
The jelly is moderately wounded.
The jelly misses you.
You hit the jelly but do no damage.
Your hands burn!
* * * LOW HITPOINT WARNING * * *
The jelly is moderately wounded.
The jelly closely misses you.
You hit the jelly but do no damage.
Your hands burn!
* * * LOW HITPOINT WARNING * * *
The jelly is moderately wounded.
You hit the jelly but do no damage.
Your hands burn!
* * * LOW HITPOINT WARNING * * *
The jelly is moderately wounded.
The jelly hits you.
You die...

##..###'###..###..##......≈≈⌠....
##....#..#.....#.........≈....≈≈.
##....+..'.....#.........≈..≈≈..≈
#...###.##..###.###......≈≈....≈
###############.###..........≈≈.
............._.............≈≈..
..).................### ≈≈≈≈≈##
.....................###≈≈≈≈##
.............J@.w......# ##
................>......#
...###..##.###.##..##.## #.#
#.###.# #.######## .. .... ...
#......# ....#....#...†..#
#..†...# #......# #......#


You could see a worm and a jelly.

Vanquished Creatures
  A scorpion (D:4)
  A water moccasin zombie (D:3)
  2 orc wizards
  Natasha (thrice) (D:3)
  A killer bee zombie (D:3)
  A howler monkey skeleton (D:3)
  4 adders
  3 gnolls
  5 dart slugs
  7 orcs (D:3)
  9 endoplasms
  4 goblins (D:1)
  7 hobgoblins
  2 jackals (D:1)
  A quokka (D:1)
  14 ball pythons
  5 bats
  2 frilled lizards (D:1)
  8 kobolds
  3 rats
83 creatures vanquished.

Notes
Turn   | Place    | Note
-------+----------+-------------------------------------------
     0 | D:1      | sking99 the Kobold Brigand began the quest for the Orb.
     0 | D:1      | Reached XP level 1. HP: 12/12 MP: 1/1
    81 | D:1      | Reached XP level 2. HP: 17/17 MP: 2/2
   590 | D:1      | Reached XP level 3. HP: 11/21 MP: 3/3
  1384 | D:2      | Reached XP level 4. HP: 26/26 MP: 4/4
  1980 | D:3      | Reached XP level 5. HP: 30/30 MP: 5/5
  2012 | D:3      | Reached skill level 5 in Short Blades
  2354 | D:2      | Reached XP level 6. HP: 12/35 MP: 6/6
  2610 | D:3      | Noticed Natasha
  2622 | D:3      | Killed Natasha
  3090 | D:3      | Noticed Natasha
  3105 | D:3      | Killed Natasha
  3303 | D:3      | Found a shadowy altar of Dithmenos.
  3376 | D:3      | Became a worshipper of Dithmenos the Shadowed
  3411 | D:3      | Noticed Natasha
  3439 | D:3      | Killed Natasha
  3794 | D:4      | Reached XP level 7. HP: 40/40 MP: 7/7
  3799 | D:4      | Found a hide-covered altar of Uskayaw.
  3949 | D:4      | HP: 2/40 [acid (1)]
  3949 | D:4      | Slain by a jelly

Illustrated notes

Levels and vault maps discovered:
D:1:      eino_arrival_cavern_d, layout_basic
D:2:      layout_rooms, lightli_corner_chamber
D:3:      layout_rooms, nicolae_dithmenos_through_a_glass_darkly, uniq_natasha
D:4:      cheibrodos_helix_gallery, layout_gridville, overflow_temple_1_default

Skill      XL: |  1  2  3  4  5  6 |
---------------+-------------------+-----
Short Blades   | 3 4 5 6 |  6.3
Dodging        | 2 3 |  3.8
Throwing       | 3 |  3.9
Stealth        | 6 |  6.9
Fighting       | |  2.1

Action                   |  1- 3 |  4- 6 |  7- 9 || total
-------------------------+-------+-------+-------++-------
Melee: Dagger            |    87 |   164 |    13 ||   264
       Punch             |       |     2 |       ||     2
Throw: Dart              |     3 |    12 |       ||    15
 Stab: Sleeping          |    17 |    21 |     1 ||    39
       Distracted        |     1 |     2 |       ||     3
Armor: Robe              |    16 |    18 |     2 ||    36
Dodge: Dodged            |    47 |    82 |     3 ||   132
